cohdb
Replays
Latest Replays
All Replays
Popular Replays
Top Player Replays
Match Explorer
How It Works
Community
CoH3 Stats
Reddit
Sign in to upload your games and track your stats! →
Sign in with Steam
Match 44605308
Unlisted
Match 44605308
Overview
Messages
Build Orders
End
Pioneer Squad
Pioneer Squad
Pioneer Squad
Selects Italian Coastal Battlegroup
Selects Coastal Reserves
Construct Infanterie Kompanie
Grenadier Squad
Grenadier Squad
Selects Artillery Officer
Infanterie Officer Quarters
Artillery Officer
Grenadier Squad
Grenadier Squad
Grenadier Squad
Grenadier Squad
Selects Support Bunkers
Selects Designated Artillery Overwatch
Construct Panzergrenadier Kompanie
MG 42 Bunker
Designated Artillery Overwatch
Construct Panzer Kompanie
Panzer IV Medium Tank
Side Skirts
Panzer Officer Quarters
Barbarossa
乌拉
0
0
Comments
sign in to comment!
No comments posted yet!